 Dungeon Crawl Stone Soup version 0.31-a0-188-g5e087ee2ca (webtiles) character file.

Game seed: 15062883424177878235

518 qw the Skirmisher (level 7, -2/40 HPs)
             Began as a Deep Elf Hunter on June 22, 2023.
             Slain by a gnoll sergeant
             ... wielding a +2 heavy spear
              (9 damage)
             ... on level 5 of the Dungeon.
             The game lasted 00:01:19 (3995 turns).

qw the Skirmisher (Deep Elf Hunter)                 Turns: 3995, Time: 00:01:20

Health: -2/40      AC: 12    Str: 10    XL:     7   Next: 1%
Magic:  9/9        EV: 11    Int: 14    God:
Gold:   272        SH:  0    Dex: 18    Spells: 6/6 levels left

rFire   . . .        Y - +1 shortbow
rCold   + . .        (shield currently unavailable)
rNeg    . . .        d - +0 ring mail
rPois   .            p - +0 helmet
rElec   .            j - +0 cloak
rCorr   .            (no gloves)
SInv    .            b - +0 pair of boots
Will    .....        e - amulet of the acrobat
Stlth   +            h - +4 ring of protection
HPRegen 0.26/turn    m - ring of protection from cold
MPRegen 0.11/turn

%: acrobat
@: about to teleport
A: no striking features
a: no special abilities


You were on level 5 of the Dungeon.
You visited 1 branch of the dungeon, and saw 5 of its levels.

You collected 272 gold pieces.


   Skills:
 - Level 2.8 Fighting
 - Level 10.0 Ranged Weapons
 - Level 1.2 Armour
 + Level 2.5 Dodging
 - Level 1.2 Stealth


You had 6 spell levels left.
You didn't know any spells.
Your spell library was empty.

Inventory:

Hand Weapons
 Y - a +1 shortbow (weapon)
Armour
 b - a +0 pair of boots (worn)
 d - a +0 ring mail (worn)
 j - a +0 cloak (worn)
 p - a +0 helmet (worn)
Jewellery
 a - a ring of flight
 e - an amulet of the acrobat (around neck)
 h - a +4 ring of protection (left hand)
 m - a ring of protection from cold (right hand)
 n - a ring of resist corrosion
 o - a ring of fire
Scrolls
 f - a scroll of teleportation
 g - 2 scrolls of identify
Potions
 c - a potion of might
 i - a potion of degeneration {unknown}
 k - a potion of haste {unknown}
 l - a potion of enlightenment {unknown}

Dungeon Overview and Level Annotations

Branches:
Dungeon (5/15)
 Temple: D:4-7

Altars:
Gozag
Qazlal
Zin

Annotations:
D:2 1 runed translucent door, Crazy Yiuf
D:4 3 runed translucent doors, qw's ghost, amateur DEHu


Message History

You shoot an arrow. The arrow closely misses the gnoll.
The arrow hits the gnoll.
The gnoll is lightly wounded.
The gnoll misses you.
A gnoll comes into view. It is wielding a +0 club.
The gnoll sergeant closely misses you.
You shoot an arrow. The arrow barely misses the gnoll.
The arrow hits the gnoll!
The gnoll is severely wounded.
You shoot an arrow. The arrow barely misses the gnoll.
The arrow hits the gnoll sergeant.
The gnoll sergeant is moderately wounded.
The gnoll sergeant closely misses you.
You shoot an arrow. The arrow hits the gnoll.
The gnoll is moderately wounded.
The gnoll barely misses you.
The gnoll sergeant hits you from afar with a +2 heavy spear!
You shoot an arrow. The arrow closely misses the gnoll.
The arrow barely misses the gnoll.
The gnoll sergeant hits you from afar with a +2 heavy spear!
You shoot an arrow. The arrow hits the gnoll.
The gnoll is severely wounded.
The gnoll closely misses you. The gnoll barely misses you.
You shoot an arrow. The arrow hits the gnoll.
You kill the gnoll!
The gnoll hits you but does no damage.
The gnoll sergeant hits you from afar with a +2 heavy spear.
You have reached level 7!
You shoot an arrow. The arrow barely misses the gnoll.
The gnoll hits you but does no damage. The gnoll closely misses you.
The gnoll sergeant hits you from afar with a +2 heavy spear.
3994 ||| READING 2 scrolls of teleportation.
As you read the scroll of teleportation, it crumbles to dust.
You feel strangely unstable. The gnoll hits you with a +0 club.
The gnoll barely misses you.
You shoot an arrow.
The arrow hits the gnoll but does no damage.
The gnoll is moderately wounded.
The gnoll hits you but does no damage. x2
The gnoll sergeant hits you from afar with a +2 heavy spear!
You die...

##.########.#.####..[..#.# #
######................#..#.##.###
..........######.........#.##....
######...## #.#.........######
#...# ####.####.#..## # #...#
#..... .#..# # #..%# #.##.# #
######## #...####.##)##.#
........ #.........g@gg.#
..###### #...####.##)#..#
.......# #.##....... . ...##...#
#........... # #. #...#
###..######. # #...# #... #...#
...# #...# ....


You could see a gnoll sergeant and 2 gnolls.

Vanquished Creatures
  A water moccasin (D:4)
  An ogre (D:5)
  A hound (D:5)
  2 orc priests (D:3)
  An iguana (D:4)
  3 orc wizards
  Robin (D:4)
  3 adders
  2 gnolls (D:5)
  2 dart slugs
  15 orcs
  2 ball pythons
  4 endoplasms
  12 goblins
  7 hobgoblins
  6 jackals (D:1)
  3 kobolds
  A quokka (D:4)
  3 frilled lizards
  4 rats
74 creatures vanquished.

Notes
Turn   | Place    | Note
-------+----------+-------------------------------------------
     0 | D:1      | qw the Deep Elf Hunter began the quest for the Orb.
     0 | D:1      | Reached XP level 1. HP: 12/12 MP: 3/3
     0 | D:1      | 0 ||| qw: Version: 0.3-a-9-g12657ce
     0 | D:1      | 0 ||| qw: Game counter: 2782
     0 | D:1      | 0 ||| qw: Always use a shield: true
     0 | D:1      | 0 ||| qw: God list: Okawaru
     0 | D:1      | 0 ||| qw: Allow faded altars: false
     0 | D:1      | 0 ||| qw: Do Orc after D:15 true
     0 | D:1      | 0 ||| qw: Do second Lair branch before Depths: true
     0 | D:1      | 0 ||| qw: Lair rune preference: random
     0 | D:1      | 0 ||| qw: Plans: Normal
     0 | D:1      | 0 ||| PLANNING D:1-11
   225 | D:1      | Reached XP level 2. HP: 15/16 MP: 4/4
   231 | D:1      | Reached skill level 6 in Ranged Weapons
   528 | D:1      | 528 ||| UPGRADING to amulet of the acrobat.
   533 | D:1      | 533 ||| DROPPING ring of magical power.
   534 | D:1      | 534 ||| UPGRADING to +4 ring of protection.
   535 | D:1      | 535 ||| READING scroll labelled ZUGGOA OVAPN.
   539 | D:1      | 539 ||| READING 2 scrolls labelled ODUB KOQ LUON.
   540 | D:1      | 540 ||| READING scroll labelled GEHU ELAWYHABO.
   541 | D:1      | 541 ||| READING scroll labelled IBEELEK NOEMM.
   542 | D:1      | 542 ||| DROPPING scroll of butterflies.
   939 | D:2      | Reached XP level 3. HP: 20/20 MP: 5/5
  1190 | D:2      | Found a runed translucent door.
  1191 | D:2      | Noticed Crazy Yiuf
  1280 | D:2      | 1280 ||| UPGRADING to +0 ring mail.
  1290 | D:2      | 1290 ||| DROPPING +0 leather armour.
  1291 | D:2      | 1291 ||| READING scroll labelled PUFRACSEMOPH.
  1292 | D:2      | 1292 ||| DRINKING 2 ruby potions.
  1293 | D:2      | 1293 ||| READING 2 scrolls of identify.
  1293 | D:2      | 1293 ||| IDENTIFYING brown potion
  1329 | D:3      | 1329 ||| Stepping ~*~*~tactically~*~*~ (outnumbered).
  1330 | D:3      | 1330 ||| Stepping ~*~*~tactically~*~*~ (outnumbered).
  1339 | D:3      | Reached skill level 7 in Ranged Weapons
  1344 | D:3      | HP: 4/20 [orc priest/+0 hand axe (3)]
  1345 | D:3      | 1345 ||| READING 5 scrolls of teleportation.
  1346 | D:3      | 1346 ||| DRINKING potion of heal wounds.
  1348 | D:3      | HP: 1/20 [orc priest/+0 hand axe (2)]
  1522 | D:3      | Reached XP level 4. HP: 25/25 MP: 6/6
  1745 | D:3      | HP: 4/25 [orc priest/nerve-wracking pain (11)]
  1746 | D:3      | 1746 ||| READING 5 scrolls of teleportation.
  1748 | D:3      | Reached skill level 8 in Ranged Weapons
  1761 | D:3      | HP: 4/25 [orc priest/nerve-wracking pain (4)]
  1762 | D:3      | 1762 ||| READING 4 scrolls of teleportation.
  2056 | D:3      | Reached XP level 5. HP: 26/29 MP: 7/7
  2399 | D:3      | 2399 ||| UPGRADING to +0 pair of boots.
  2404 | D:3      | 2404 ||| UPGRADING to ring of resist corrosion.
  2405 | D:3      | 2405 ||| READING scroll labelled USADUUCEAT.
  2406 | D:3      | 2406 ||| READING 2 scrolls of identify.
  2406 | D:3      | 2406 ||| IDENTIFYING fizzy red potion
  2581 | D:4      | Found a runed translucent gate.
  2581 | D:4      | Noticed qw's ghost (amateur DEHu)
  2582 | D:4      | Found a runed translucent gate.
  2582 | D:4      | Found a runed translucent gate.
  2584 | D:4      | Identified the +0 ring mail of Skepticism {*Corrode Will+
                  | Slay+5}
  2783 | D:4      | Found a glowing silver altar of Zin.
  2854 | D:4      | Reached skill level 9 in Ranged Weapons
  2863 | D:4      | Found an opulent altar of Gozag.
  2898 | D:4      | Noticed a water moccasin
  2915 | D:4      | HP: 7/29 [poisoned by a water moccasin]
  2916 | D:4      | 2916 ||| READING 3 scrolls of teleportation.
  2917 | D:4      | HP: 3/29 [water moccasin (2)]
  2919 | D:4      | 2919 ||| DRINKING potion of curing.
  2919 | D:4      | 2919 ||| (to cure poison)
  3227 | D:4      | Killed a water moccasin
  3228 | D:4      | Reached XP level 6. HP: 31/36 MP: 8/8
  3313 | D:4      | Found a stormy altar of Qazlal.
  3342 | D:4      | Noticed Robin
  3357 | D:4      | HP: 6/36 [goblin/+0 club[Robin] (6)]
  3358 | D:4      | 3358 ||| READING 2 scrolls of teleportation.
  3511 | D:4      | Killed Robin
  3659 | D:4      | 3659 ||| UPGRADING to +0 cloak.
  3664 | D:4      | 3664 ||| UPGRADING to +0 helmet.
  3669 | D:4      | 3669 ||| UPGRADING to ring of protection from cold.
  3671 | D:4      | 3671 ||| READING scroll labelled PAUMUSECIA.
  3672 | D:4      | 3672 ||| READING scroll labelled JAIT TIUROTT.
  3673 | D:4      | 3673 ||| READING 2 scrolls of identify.
  3673 | D:4      | 3673 ||| IDENTIFYING clear potion
  3674 | D:4      | 3674 ||| DROPPING potion of ambrosia.
  3694 | D:5      | Entered Level 5 of the Dungeon
  3708 | D:5      | 3708 ||| STAIRDANCE
  3718 | D:4      | Reached skill level 1 in Armour
  3984 | D:5      | Reached skill level 10 in Ranged Weapons
  3993 | D:5      | Reached XP level 7. HP: 11/40 MP: 9/9
  3993 | D:5      | HP: 7/40 [gnoll sergeant/+2 heavy spear (4)]
  3994 | D:5      | 3994 ||| READING 2 scrolls of teleportation.
  3995 | D:5      | Slain by a gnoll sergeant

Levels and vault maps discovered:
D:1:      wheals_arrival_linesprint, layout_rooms,
          nicolae_concentric_dashed_squares_wild,
          chequers_serial_rivers_small_a, minmay_pentomino_z2
D:2:      layout_loops_cross, uniq_crazy_yiuf_cottage
D:3:      layout_loops_corners
D:4:      layout_basic, nicolae_gozag_seed_capital,
          nicolae_overflow_crystal_walls, mainiacjoe_overflow_six_doors_small,
          biasface_ghost_orc_armoury, nicolae_kite_square_tiling_tiny,
          uniq_robin
D:5:      layout_loops_ring, kiku_gazebo_garden_becter

Skill      XL: |  1  2  3  4  5  6 |
---------------+-------------------+-----
Ranged Weapons | 6 7 8 9 10 | 10.0
Fighting       | 2 |  2.8
Armour         | 1 |  1.2
Dodging        | |  2.5
Stealth        | |  1.2

Action                     |  1- 3 |  4- 6 |  7- 9 || total
---------------------------+-------+-------+-------++-------
   Fire: Shortbow          |    93 |   198 |     2 ||   293
    Use: Scroll            |     7 |     9 |     1 ||    17
         Potion            |     2 |     1 |       ||     3
 Armour: Leather armour    |    13 |       |       ||    13
         Ring mail         |     6 |    69 |     3 ||    78
  Dodge: Dodged            |    40 |    76 |     2 ||   118

Table legend:
 A = Non-vault XP
 B = Vault XP
 C = Vault XP percentage of total XP
 D = Non-vault monster count
 E = Vault monster count
 F = Vault count percentage of total count
                 A         B        C        D         E       F
            +---------+---------+-------+---------+---------+-------
      Total |     698 |      42 |   5.7 |      59 |      15 |  20.3
            +---------+---------+-------+---------+---------+-------
        D:1 |      23 |       3 |  11.5 |      13 |       2 |  13.3
        D:2 |      28 |       0 |   0.0 |       9 |       0 |   0.0
        D:3 |     172 |       0 |   0.0 |      20 |       0 |   0.0
        D:4 |     243 |      39 |  13.8 |      10 |      13 |  56.5
        D:5 |     232 |       0 |   0.0 |       7 |       0 |   0.0
            +---------+---------+-------+---------+---------+-------
